Map: Triton LE

Players

Elazer

  • Race: Zerg Zerg
  • Spawn Location: 5:00

Reynor - Winner!

  • Race: Zerg Zerg
  • Spawn Location: 11:00

VOD

Have the link to the VOD?

Description

Time

  • Played on: Sept. 8, 2019, 11:04 a.m.
  • Length: 20:59
Show
View Real Time Build Order
Export as new Build Order

Elazer Zerg 

Build Orders: Hatch First 

Get SALT Encoding   

  12  0:00  Drone  
  13  0:12  Overlord  
  13  0:16  Drone  
  14  0:30  Drone x2  
  16  0:47  Hatchery  
  15  0:50  Drone  
  15  0:54  Drone  
  17  0:57  Drone  
  18  1:07  Extractor  
  17  1:12  Spawning Pool  
  17  1:15  Drone  
  18  1:18  Drone  
  18  1:27  Drone  
  19  1:38  Drone  
  20  1:49  Drone  
  21  1:58  Queen  
  21  1:59  Overlord, Drone, Queen  
  26  2:08  Metabolic Boost  
  26  2:10  Drone, Zergling x2  
  28  2:21  Drone x2  
  30  2:32  Hatchery  
  30  2:34  Drone  
  30  2:37  Drone  
  30  2:43  Zergling x4  
  33  2:48  Baneling Nest  
  32  2:53  Overlord  
  32  2:54  Drone  
  33  3:04  Drone x2  
  35  3:06  Drone  
  36  3:13  Drone x5  
  36  3:18  Overlord  
  41  3:22  Queen  
  43  3:28  Zergling x2  
  43  3:41  Drone x3  
  43  3:42  Evolution Chamber  
  43  3:45  Drone x2  
  43  3:46  Drone  
  48  3:49  Drone  
  48  3:50  Drone  
  48  3:51  Drone x2  
  52  3:55  Overlord  
  52  3:58  Lair  
  52  3:59  Drone x2  
  52  4:01  Drone x2, Extractor  
  55  4:06  Zergling x2  
  56  4:12  Zergling x4  
  56  4:13  Queen  
  57  4:17  Baneling x2  
  57  4:18  Zergling x8  
  57  4:21  Zergling x2  
  58  4:28  Zergling x4  
  58  4:31  Zergling x6  
  57  4:34  Zergling x2  
  57  4:36  Baneling  
  58  4:44  Zergling x4  
  55  4:49  Overlord  
  51  4:54  Drone x2  
  51  4:57  Queen  
  54  5:00  Overlord  
  54  5:01  Drone  
  54  5:02  Drone, Baneling  
  54  5:03  Baneling x2  
  56  5:09  Baneling x2  
  56  5:10  Roach Warren  
  55  5:15  Overlord  
  55  5:20  Drone x4  
  57  5:21  Baneling x3  
  57  5:24  Zergling x2  
  56  5:33  Zergling x10  
  59  5:41  Overlord  
  59  5:44  Overlord  
  59  5:45  Drone  
  59  5:46  Baneling  
  59  5:47  Baneling  
  59  5:49  Overlord  
  60  5:51  Extractor  
  60  5:52  Queen  
  60  5:53  Overlord, Extractor  
  60  6:02  Drone x2  
  60  6:03  Drone  
  61  6:05  Zergling x2  
  61  6:06  Baneling x2  
  62  6:15  Zergling x12  
  67  6:21  Baneling x2  
  67  6:24  Zergling x4  
  66  6:31  Zergling x10  
  67  6:35  Zerg Missile Weapons Level 1  
  67  6:37  Queen  
  69  6:41  Overlord  
  69  6:44  Overlord  
  65  6:47  Overlord  
  65  6:48  Overlord  
  65  6:51  Roach  
  65  6:52  Roach  
  69  6:59  Roach  
  69  7:00  Roach  
  73  7:03  Roach  
  75  7:18  Drone x2  
  75  7:22  Hatchery  
  75  7:24  Roach  
  75  7:34  Drone x5  
  75  7:39  Drone  
  75  7:42  Drone x3  
  77  7:47  Glial Reconstitution  
  77  7:51  Roach  
  79  7:57  Roach x2  
  82  8:05  Roach  
  84  8:10  Roach  
  86  8:16  Roach  
  86  8:17  Roach x5  
  98  8:23  Drone x2  
  98  8:24  Drone  
  100  8:30  Drone  
  100  8:31  Zerg Missile Weapons Level 2  
  101  8:37  Drone x2  
  103  8:41  Drone  
  103  8:45  Overlord  
  103  8:46  Roach x4  
  111  8:49  Roach  
  111  8:53  Overseer  
  111  8:55  Roach x2  
  117  8:56  Ravager  
  117  8:57  Ravager  
  117  8:59  Ravager x2  
  121  9:06  Roach x4  
  121  9:09  Roach  
  133  9:10  Roach  
  133  9:15  Drone x4  
  137  9:19  Drone x3, Extractor  
  137  9:23  Roach x2  
  143  9:26  Roach  
  143  9:27  Pneumatized Carapace  
  143  9:29  Roach  
  147  9:37  Roach  
  147  9:38  Roach x3  
  153  9:46  Roach x4  
  153  9:50  Overlord x2  
  161  9:54  Extractor  
  161  9:59  Ravager x2  
  162  10:00  Overlord  
  160  10:11  Roach x7  
  155  10:16  Roach x2  
  155  10:21  Roach x3  
  157  10:24  Roach x2  
  157  10:28  Roach  
  141  10:32  Roach x2  
  138  10:37  Roach x3  
  142  10:44  Roach x3  
  142  10:47  Zerg Ground Armor Level 1  
  139  10:51  Roach x4  
  139  10:53  Roach  
  131  10:58  Roach x2  
  131  11:03  Roach x2  
  133  11:09  Roach x3  
  133  11:10  Overseer  
  139  11:13  Roach  
  139  11:14  Roach  
  139  11:18  Roach x2  
  147  11:23  Tunneling Claws  
  147  11:25  Burrow  
  147  11:30  Roach x2  
  151  11:40  Overseer  
  151  11:42  Hatchery  
  151  11:45  Roach x3  
  156  11:49  Roach x2  
  160  11:57  Overlord  
  160  11:58  Overlord  
  160  12:00  Ravager  
  160  12:01  Ravager x2, Roach  
  163  12:02  Roach  
  163  12:06  Roach  
  163  12:07  Roach  
  171  12:13  Roach x3  
  171  12:14  Overseer  
  177  12:20  Roach x3  
  183  12:28  Roach x4  
  183  12:29  Ravager  
  192  12:32  Roach  
  192  12:33  Roach  
  196  12:39  Roach x2  
  196  13:10  Roach x20  
  196  13:12  Roach x11  
  198  13:16  Roach  
  180  13:38  Roach x14  
  192  13:46  Roach  
  170  13:51  Hydralisk Den  
  144  13:57  Roach x6  
  134  14:05  Roach x4  
  132  14:16  Roach x4  
  130  14:18  Roach x4  
  130  14:21  Roach x7  
  130  14:29  Hydralisk x3  
  136  14:34  Hydralisk  
  138  14:40  Drone x3  
  133  14:45  Drone x4  
  137  14:54  Roach x4  
  145  15:01  Ravager x4  
  145  15:02  Ravager  
  145  15:05  Muscular Augments  
  150  15:10  Overlord x3  
  150  15:12  Drone  
  151  15:14  Overlord  
  151  15:23  Spore Crawler  
  150  15:31  Hydralisk x7  
  164  15:42  Hydralisk x4  
  160  15:46  Overlord x2  
  167  15:52  Overseer  
  167  15:56  Overlord, Zerg Ground Armor Level 2  
  167  15:59  Overlord  
  167  16:05  Roach  
  167  16:06  Roach x3  
  167  16:09  Roach  
  167  16:10  Roach  
  179  16:15  Roach  
  179  16:16  Grooved Spines  
  181  16:19  Roach  
  181  16:20  Roach  
  181  16:23  Roach x2  
  189  16:32  Infestation Pit, Extractor  
  184  16:43  Roach x7  
  198  16:51  Overseer  
  198  16:53  Lurker Den  
  196  17:01  Drone x6  
  200  17:04  Extractor  
  200  17:07  Spore Crawler  
  196  17:18  Hive  
  196  17:19  Roach x2  
  186  17:32  Hydralisk x6  
  196  17:44  Roach x18  
  188  17:50  Roach x7  
  189  17:58  Overlord x2  
  187  18:06  Overseer  
  187  18:07  Overlord  
  187  18:08  Overlord  
  187  18:10  Roach  
  187  18:11  Roach  
  187  18:13  Overlord  
  176  18:31  Viper x3  
  177  18:35  Viper  
  174  18:54  Hatchery  
  169  19:03  Viper  
  169  19:05  Overseer x2  
  169  19:08  Roach  
  169  19:09  Roach x2  
  172  19:12  Roach x2  
  172  19:13  Roach  
  172  19:14  Roach  
  170  19:28  Hydralisk x4  
  153  19:44  Hydralisk x3  
  149  19:46  Roach x3  
  128  20:16  Viper x2  
  134  20:26  Roach x3  
Show
View Real Time Build Order
Export as new Build Order

Reynor Zerg - Winner!

Build Orders: Hatch First 

Get SALT Encoding   

  12  0:00  Drone  
  13  0:12  Overlord  
  13  0:16  Drone  
  14  0:30  Drone x2  
  16  0:48  Hatchery  
  15  0:50  Drone  
  15  0:54  Drone  
  17  0:57  Drone  
  18  1:08  Extractor  
  17  1:12  Spawning Pool  
  17  1:15  Drone  
  17  1:19  Drone  
  18  1:27  Drone  
  19  1:40  Drone  
  20  1:49  Overlord  
  20  1:59  Queen x2  
  20  2:00  Drone x2  
  26  2:11  Zergling x4  
  26  2:14  Metabolic Boost  
  28  2:21  Drone x2  
  30  2:32  Drone x2  
  32  2:40  Hatchery  
  31  2:44  Drone  
  31  2:45  Baneling Nest  
  31  2:48  Drone  
  32  2:54  Evolution Chamber, Drone  
  32  2:58  Overlord  
  32  3:04  Drone x2  
  34  3:15  Zergling x4  
  34  3:18  Zergling x8  
  39  3:21  Zerg Melee Weapons Level 1  
  39  3:25  Overlord  
  39  3:28  Zergling x2  
  39  3:34  Drone x2  
  42  3:44  Zergling x6  
  42  3:47  Overlord  
  45  3:50  Drone x3  
  48  3:57  Zergling x8  
  52  4:03  Zergling x2  
  52  4:06  Baneling x2  
  52  4:07  Zergling x4  
  55  4:14  Zergling x2  
  54  4:21  Baneling x2  
  54  4:22  Zergling x10  
  54  4:24  Overlord  
  58  4:30  Zergling x6  
  58  4:34  Baneling x2  
  58  4:35  Zergling x4  
  60  4:42  Zergling x6  
  57  4:46  Zergling x2  
  53  4:55  Zergling x6  
  53  4:56  Zergling x2  
  53  4:59  Zergling x8  
  59  5:01  Baneling x5  
  59  5:02  Queen  
  61  5:07  Zergling x2  
  61  5:13  Zergling x4  
  64  5:18  Zergling x4  
  64  5:19  Zergling x2  
  66  5:23  Zergling x2  
  66  5:24  Zergling x4  
  59  5:35  Zergling x8  
  59  5:39  Zergling x4  
  61  5:44  Zergling x4, Queen  
  61  5:45  Queen  
  67  5:52  Baneling x4  
  67  5:53  Overlord  
  67  5:59  Drone x7  
  67  6:03  Zergling x4  
  72  6:09  Zergling x4  
  70  6:23  Zergling x8  
  70  6:25  Zergling x4  
  72  6:26  Baneling x2  
  72  6:31  Zergling x12  
  71  6:34  Zerg Missile Weapons Level 1  
  71  6:38  Drone x2  
  72  6:40  Extractor  
  72  6:41  Extractor  
  72  6:43  Drone  
  72  6:44  Drone x2  
  72  6:49  Roach Warren  
  72  6:53  Drone x2  
  73  6:55  Drone  
  74  7:06  Overlord  
  72  7:17  Drone x3  
  72  7:18  Drone  
  70  7:23  Queen  
  70  7:24  Lair  
  70  7:26  Drone x6  
  70  7:28  Queen  
  74  7:32  Roach x2  
  74  7:33  Drone x2  
  79  7:37  Drone x2  
  79  7:39  Roach x3  
  79  7:42  Drone  
  86  7:46  Roach x2  
  86  7:48  Overlord  
  90  7:51  Extractor  
  90  7:53  Overlord  
  85  8:01  Roach x2  
  85  8:02  Overlord  
  88  8:08  Extractor  
  88  8:09  Roach x5  
  88  8:12  Overlord  
  97  8:15  Roach x3  
  103  8:20  Roach  
  103  8:21  Glial Reconstitution  
  103  8:26  Roach x2  
  109  8:28  Roach  
  117  8:34  Roach x3  
  117  8:39  Roach x2  
  117  8:41  Overlord  
  121  8:43  Overlord  
  121  8:51  Overlord  
  121  8:59  Overlord  
  121  9:01  Roach x4  
  121  9:02  Roach x2  
  135  9:03  Zergling x4, Roach  
  137  9:10  Roach  
  137  9:11  Roach x2  
  137  9:12  Ravager x2  
  137  9:15  Overlord  
  137  9:16  Overlord  
  145  9:22  Overlord  
  145  9:26  Overlord  
  145  9:36  Roach x3  
  145  9:37  Roach  
  153  9:41  Roach x4  
  153  9:45  Zergling x2, Roach x3  
  164  9:46  Zergling x2  
  164  9:47  Ravager x2  
  164  9:50  Zergling x2, Roach  
  170  9:52  Overlord  
  170  10:01  Overlord  
  166  10:08  Roach x3  
  166  10:12  Roach x5  
  156  10:16  Ravager  
  156  10:19  Roach x2  
  159  10:23  Roach x3  
  159  10:25  Roach  
  136  10:31  Roach x2  
  136  10:33  Roach x2  
  132  10:42  Zerg Missile Weapons Level 2  
  120  10:43  Roach x2  
  120  10:45  Drone  
  122  10:50  Roach x2  
  122  10:56  Roach x3  
  116  11:00  Roach  
  116  11:02  Drone  
  119  11:04  Overseer  
  119  11:07  Drone x2  
  121  11:11  Drone x4  
  121  11:12  Extractor  
  121  11:13  Ravager  
  121  11:14  Ravager  
  121  11:15  Pneumatized Carapace, Ravager  
  127  11:18  Drone  
  127  11:19  Drone  
  127  11:21  Drone  
  127  11:24  Roach  
  132  11:33  Roach x4  
  132  11:36  Ravager  
  141  11:43  Roach x5  
  151  11:53  Hatchery  
  150  11:55  Ravager  
  150  11:59  Roach x3  
  157  12:04  Spire  
  157  12:05  Roach  
  158  12:09  Overlord  
  158  12:11  Roach x2  
  162  12:21  Ravager  
  162  12:22  Roach x4  
  171  12:27  Overlord  
  177  12:30  Roach x3  
  177  12:37  Roach x3  
  177  12:39  Overseer  
  183  12:45  Overseer  
  183  12:51  Roach x5  
  193  13:01  Roach x3  
  177  13:19  Mutalisk x6  
  177  13:23  Roach x3  
  187  13:27  Drone x3  
  187  13:28  Drone x2  
  173  13:36  Roach x4  
  173  13:37  Roach  
  173  13:41  Roach x2  
  172  13:44  Roach  
  172  13:45  Roach  
  150  13:50  Roach  
  150  13:51  Roach x2  
  135  13:58  Roach x4  
  135  14:00  Roach  
  128  14:04  Roach x2  
  129  14:12  Roach x4  
  137  14:21  Ravager x2  
  137  14:22  Roach x3  
  137  14:23  Roach  
  143  14:29  Zerg Ground Armor Level 1  
  143  14:35  Hatchery  
  142  14:45  Hydralisk Den  
  142  14:47  Infestation Pit  
  140  15:08  Extractor  
  140  15:13  Extractor  
  138  15:16  Lurker Den, Muscular Augments  
  138  15:18  Drone x4, Hydralisk  
  138  15:19  Hydralisk x4  
  151  15:23  Roach  
  151  15:25  Ravager x2  
  151  15:27  Roach  
  157  15:36  Roach x3  
  157  15:38  Ravager x2  
  165  15:49  Hive  
  165  15:51  Roach x2  
  165  15:55  Ravager  
  170  16:02  Drone x2  
  172  16:07  Roach x4  
  180  16:12  Overseer  
  180  16:27  Hatchery  
  179  16:36  Overlord  
  177  16:45  Lurker x5  
  182  16:49  Hydralisk x5  
  190  17:05  Roach x5  
  200  17:12  Overlord  
  200  17:18  Overlord  
  200  17:19  Overlord  
  200  17:29  Roach x2  
  191  17:33  Hydralisk x7  
  199  17:37  Overlord  
  199  17:38  Adaptive Talons  
  199  17:44  Zerg Missile Weapons Level 3  
  197  17:52  Lurker x3  
  196  17:59  Drone x2  
  194  18:06  Overseer  
  194  18:08  Extractor x2  
  194  18:10  Overseer  
  187  18:19  Roach x8  
  193  18:20  Roach  
  193  18:26  Drone x4  
  183  18:33  Roach x2  
  184  18:45  Drone x2  
  186  18:55  Lurker  
  187  18:58  Roach x6  
  199  19:04  Spore Crawler  
  198  19:21  Roach  
  200  19:30  Roach x2  
  200  19:31  Overseer  
  196  19:38  Roach x12  
  178  19:48  Lurker x2  
  163  20:06  Viper  
  162  20:14  Viper  
  163  20:23  Drone x2  
Tags
 
Add a new tag
Caveats
  • Supply blocks, unpowered buildings, or Contaminate may cause inaccurate times.
  • Supply counts are checked every 10 seconds.